 Dungeon Crawl Stone Soup version 0.22.0-38-g04b72b8c25 (webtiles) character file.

17860 Riddle the Covert (level 12, -9/91 HPs)
             Began as a Gnoll Enchanter on Aug 30, 2018.
             Was a Priest of Ashenzari.
             Mangled by a redback (10 damage)
             ... on level 1 of the Spider Nest.
             The game lasted 01:16:13 (13948 turns).

Riddle the Covert (Gnoll Enchanter)                Turns: 13948, Time: 01:16:43

Health: -9/91      AC: 10    Str: 11    XL:     12   Next: 52%
Magic:  18/24      EV: 16    Int: 22    God:    Ashenzari [***...]
Gold:   708        SH:  0    Dex: 16    Spells: 19/28 levels left

rFire    + + .     SeeInvis +   F - +12 Vampire's Tooth {vamp} (curse)
rCold    . . .     Gourm    .   b - +5 shield (curse)
rNeg     . . .     Faith    .   a - +3 leather armour of the Will of the Gods {rF++ Regen+} (curse)
rPois    .         Spirit   .   v - +1 hat
rElec    .         Reflect  +   B - +1 cloak (curse)
rCorr    .         Harm     .   (no gloves)
MR       .....                  (no boots)
Stlth    ++........             q - +3 amulet of reflection (curse)
HPRegen  0.65/turn              f - ring of wizardry (curse)
MPRegen  0.19/turn              (no ring)

@: confused, lethally poisoned (-9 -> -36), very slightly contaminated
A: distributed training, fangs 1, strong nose
a: Curse Item, Scrying, Renounce Religion


You were on level 1 of the Spider Nest.
You worshipped Ashenzari.
Ashenzari was most pleased with you.
You were not hungry.

You visited 4 branches of the dungeon, and saw 14 of its levels.

You collected 708 gold pieces.

Inventory:

Hand Weapons
 F - the cursed +12 Vampire's Tooth (weapon) {vamp}
   (You found it on level 10 of the Dungeon)

   It inflicts no extra harm, but heals its wielder when it wounds a living foe.
   It has a curse placed upon it.
Missiles
 z - 11 poisoned needles
 A - 3 throwing nets (quivered)
Armour
 a - the cursed +3 leather armour of the Will of the Gods (worn) {rF++ Regen+}
   (You found it on level 10 of the Dungeon)

   It greatly protects you from fire.
   It increases your rate of regeneration.
   It has a curse placed upon it.
 b - a cursed +5 shield (worn)
 n - a scarf of spirit shield
 v - a +1 hat (worn)
 B - a cursed +1 cloak (worn)
Jewellery
 f - a cursed ring of wizardry (left hand)
 q - a cursed +3 amulet of reflection (around neck)
 C - an uncursed ring of ice
Wands
 u - a wand of disintegration (9)
 w - a wand of flame (43)
 y - a wand of clouds (6)
 I - a wand of digging (8)
Scrolls
 c - a scroll of blinking
 e - 2 scrolls of teleportation {unknown}
 i - 2 scrolls of identify
 k - 2 scrolls of immolation {unknown}
 l - a scroll of random uselessness {unknown}
 m - 2 scrolls of magic mapping {unknown}
 o - a scroll of enchant armour
 s - 4 scrolls of enchant weapon
 x - 3 scrolls of fog {unknown}
 E - a scroll of brand weapon {unknown}
Potions
 g - 3 potions of curing
 h - 7 potions of might
 j - 5 potions of heal wounds
 p - 3 potions of flight
 r - 2 potions of haste
 t - 3 potions of degeneration
 D - a potion of lignification {unknown}
 G - 2 potions of resistance
 H - 2 potions of mutation {unknown}
Comestibles
 d - 23 rations


   Skills:
 + Level 7.2 Fighting
 + Level 7.7(10.6) Short Blades
 + Level 7.2 Long Blades
 + Level 7.2 Axes
 + Level 7.2 Maces & Flails
 + Level 7.2 Polearms
 + Level 7.2 Staves
 + Level 7.2 Slings
 + Level 7.2 Bows
 + Level 7.2 Crossbows
 + Level 7.2 Throwing
 + Level 7.2 Armour
 + Level 8.6 Dodging
 + Level 9.4 Stealth
 + Level 7.2(9.2) Shields
 + Level 7.2 Unarmed Combat
 + Level 8.9 Spellcasting
 + Level 6.0(7.9) Conjurations
 + Level 8.2(10.1) Hexes
 + Level 6.0(7.9) Charms
 + Level 6.0(7.9) Summonings
 + Level 6.0(7.9) Necromancy
 + Level 6.0(7.9) Translocations
 + Level 6.0(7.9) Transmutations
 + Level 6.0(7.9) Fire Magic
 + Level 6.0(7.9) Ice Magic
 + Level 6.0(7.9) Air Magic
 + Level 6.0(7.9) Earth Magic
 + Level 6.0(7.9) Poison Magic
 + Level 7.9 Invocations
 + Level 7.2(9.2) Evocations


You had 19 spell levels left.
You knew the following spells:

 Your Spells              Type           Power        Failure   Level  Hunger
a - Corona                Hex            ######.      1%          1    None
b - Ensorcelled Hibernat  Hex/Ice        #####.       1%          2    None
c - Confuse               Hex            ######..     1%          3    None
d - Tukima's Dance        Hex            ######..     1%          3    None

Your spell library contained the following spells:

 Spells                   Type           Power        Failure   Level  Hunger
 Summon Small Mammal      Summ           ####         1%          1    None
 Call Imp                 Summ           #####...     1%          2    None
 Call Canine Familiar     Summ           #####...     1%          3    None
 Dazzling Spray           Conj/Hex       #####.       1%          3    None
 Summon Guardian Golem    Hex/Summ       #####...     1%          3    None
 Summon Ice Beast         Ice/Summ       #####...     2%          4    ##.....
 Summon Lightning Spire   Summ/Air       #####...     2%          4    ##.....


Dungeon Overview and Level Annotations

Branches:
Dungeon (10/15)            Temple (1/1) D:7            Lair (2/6) D:10
 Spider (1/4) Lair:2
  Swamp: Lair:2-4    Shoals: Lair:2-4       Orc: D:9-12

Altars:
Ashenzari
Cheibriados
Dithmenos
Elyvilon
Fedhas
Gozag
Hepliaklqana
Kikubaaqudgha
Makhleb
Nemelex Xobeh
Okawaru
Qazlal
Ru
Sif Muna
Trog
Uskayaw
Vehumet
Wu Jian
Xom
Yredelemnul
Zin
The Shining One

Annotations:
Lair:2 exclusion: 2 oklob plants
Spider:1 Frances


Innate Abilities, Weirdness & Mutations

Your experience applies equally to all skills.
You have very sharp teeth.
Your uncanny sense of smell can sniff out nearby items.


Message History

You block the tarantella's attack. The tarantella bites you.
You are confused.
The redback misses you.
Frances chants phrases taken from a devil's mouth.
The shard of ice hits you!
* * * LOW HITPOINT WARNING * * *
The redback bites you!
* * * LOW HITPOINT WARNING * * *
The redback bites you but does no damage.
You're too confused!
The redback bites you but does no damage.
The redback misses you.
Frances takes a defensive stance.
You puncture the redback! Your bite misses the redback.
The redback is moderately wounded.
The redback bites you!
* * * LOW HITPOINT WARNING * * *
You are lethally poisoned!
The redback poisons you! The redback bites you!
You die...

###.##..#.##...#.....
#####..........^... #####
##....##....... ##...#
##...###......
#...#######..## #......
##...###.##..## ##.....
#####..###.......## ##......
#...#..##..s@.....###.......
#.....####.@.s.....##....##.
#..#.####.sss....#.##..###*.
#..###..##.....#...#....# .
#.(....<.#...#...^..†..## **
##.......#.....#.......# ,
######..#....##.......#
#..##....##....### ,
####...#.[....#..#..#,*
##^##...#.......#.......*


You could see Frances, a tarantella and 4 redbacks.

Vanquished Creatures
  Agnes (Spider:1)
  A hydra (Lair:2)
  Harold (D:8)
  The ghost of raetorn the Spear-Bearer, a novice MfSk of Okawaru (D:8)
  Sonja (Lair:1)
  3 wolf spiders (Spider:1)
  The ghost of tidbits the Insei, a novice GnTm of Cheibriados (D:9)
  2 orb spiders (Spider:1)
  A spiny frog (Lair:2)
  A demonic crawler (Spider:1)
  6 jumping spiders (Spider:1)
  A tyrant leech (D:10)
  Grinder (D:4)
  5 hippogriffs
  2 dream sheep (D:10)
  2 vampires (D:10)
  2 redbacks (Spider:1)
  2 tarantellas (Spider:1)
  14 yaks
  A wyvern (D:5)
  A basilisk (Lair:1)
  5 vampire mosquitoes (D:10)
  2 hungry ghosts
  A water moccasin (Lair:2)
  2 orc warriors
  3 sky beasts
  Purgy (D:4)
  9 ogres
  2 phantoms
  2 centaurs
  2 big kobolds (D:10)
  6 bullfrogs
  A gnoll sergeant (D:7)
  4 scorpions
  3 killer bees (D:8)
  3 electric eels (Lair:1)
  6 wights
  3 howler monkeys (D:8)
  A crimson imp (D:5)
  A centaur zombie (D:6)
  2 quasits (D:8)
  A bullfrog zombie (D:9)
  2 hounds
  3 orc priests
  A bullfrog skeleton (D:4)
  2 jellies
  An iguana (D:4)
  7 worker ants
  5 orc wizards
  A worker ant zombie (D:5)
  5 adders
  6 gnolls
  A shadow imp (D:7)
  An ooze (D:2)
  An adder skeleton (D:5)
  4 worms
  3 dart slugs
  5 leopard geckos
  18 orcs
  A ball python (D:5)
  6 bats
  4 giant cockroaches
  4 goblins
  5 hobgoblins
  3 jackals (D:4)
  A quokka (D:7)
  4 frilled lizards
  5 kobolds
  4 rats (D:2)
213 creatures vanquished.

Vanquished Creatures (others)
  A cyclops (D:9)
1 creature vanquished.

Grand Total: 214 creatures vanquished

Notes
Turn   | Place    | Note
-------+----------+-------------------------------------------
     0 | D:1      | Riddle the Gnoll Enchanter began the quest for the Orb.
     0 | D:1      | Reached XP level 1. HP: 13/13 MP: 6/6
   103 | D:1      | Reached XP level 2. HP: 17/19 MP: 7/7
   108 | D:1      | Learned a level 2 spell: Ensorcelled Hibernation
   839 | D:2      | Reached XP level 3. HP: 25/25 MP: 9/9
   848 | D:2      | Reached skill level 5 in Spellcasting
   868 | D:2      | You fall through a shaft!
   961 | D:2      | Noticed a scorpion
  1410 | D:2      | Killed a scorpion
  1410 | D:2      | Reached skill level 1 in Fighting
  1410 | D:2      | Reached skill level 1 in Long Blades
  1410 | D:2      | Reached skill level 1 in Axes
  1410 | D:2      | Reached skill level 1 in Maces & Flails
  1410 | D:2      | Reached skill level 1 in Polearms
  1410 | D:2      | Reached skill level 1 in Staves
  1410 | D:2      | Reached skill level 1 in Slings
  1410 | D:2      | Reached skill level 1 in Bows
  1410 | D:2      | Reached skill level 1 in Crossbows
  1410 | D:2      | Reached skill level 1 in Throwing
  1410 | D:2      | Reached skill level 1 in Armour
  1410 | D:2      | Reached skill level 6 in Stealth
  1410 | D:2      | Reached skill level 1 in Shields
  1410 | D:2      | Reached skill level 1 in Unarmed Combat
  1410 | D:2      | Reached skill level 1 in Invocations
  1410 | D:2      | Reached skill level 1 in Evocations
  1410 | D:2      | Reached XP level 4. HP: 31/32 MP: 8/11
  1619 | D:2      | Reached skill level 1 in Conjurations
  1619 | D:2      | Reached skill level 1 in Charms
  1619 | D:2      | Reached skill level 1 in Summonings
  1619 | D:2      | Reached skill level 1 in Necromancy
  1619 | D:2      | Reached skill level 1 in Translocations
  1619 | D:2      | Reached skill level 1 in Transmutations
  1619 | D:2      | Reached skill level 1 in Fire Magic
  1619 | D:2      | Reached skill level 1 in Ice Magic
  1619 | D:2      | Reached skill level 1 in Air Magic
  1619 | D:2      | Reached skill level 1 in Earth Magic
  1619 | D:2      | Reached skill level 1 in Poison Magic
  1619 | D:2      | Reached XP level 5. HP: 37/37 MP: 12/12
  1714 | D:2      | Found a deep blue altar of Sif Muna.
  2443 | D:3      | Found a hide-covered altar of Uskayaw.
  2748 | D:4      | Noticed Grinder
  3228 | D:4      | Found an ancient bone altar of Kikubaaqudgha.
  3232 | D:4      | Found an opulent altar of Gozag.
  3234 | D:4      | Noticed Purgy
  3250 | D:4      | Killed Purgy
  3250 | D:4      | Reached XP level 6. HP: 34/44 MP: 9/14
  3341 | D:4      | Reached skill level 5 in Dodging
  3569 | D:4      | Learned a level 3 spell: Confuse
  3573 | D:4      | Learned a level 3 spell: Tukima's Dance
  4152 | D:4      | Reached XP level 7. HP: 50/50 MP: 10/15
  4386 | D:4      | Killed Grinder
  4503 | D:5      | Entered Level 5 of the Dungeon
  4614 | D:5      | Reached XP level 8. HP: 57/57 MP: 12/16
  4714 | D:5      | Found a blossoming altar of Fedhas.
  4846 | D:5      | Noticed a wyvern
  4853 | D:5      | Killed a wyvern
  5030 | D:5      | Found a glowing golden altar of the Shining One.
  5641 | D:6      | Reached skill level 7 in Stealth
  5688 | D:6      | Noticed a hippogriff
  5746 | D:6      | Killed a hippogriff
  5760 | D:6      | Reached XP level 9. HP: 31/65 MP: 1/18
  6364 | D:6      | Found a shimmering altar of Xom.
  6479 | D:6      | Found a snail-covered altar of Cheibriados.
  6884 | D:7      | Reached skill level 5 in Short Blades
  7555 | D:7      | Reached skill level 5 in Invocations
  7723 | D:7      | Found a staircase to the Ecumenical Temple.
  7728 | Temple   | Entered the Ecumenical Temple
  7905 | Temple   | Became a worshipper of Ashenzari the Shackled
  8232 | D:8      | Found a runed door.
  8232 | D:8      | Noticed raetorn's ghost (novice MfSk)
  8473 | D:8      | Noticed Harold
  8483 | D:8      | Killed Harold
  8483 | D:8      | Reached XP level 10. HP: 57/73 MP: 15/20
  8525 | D:8      | Reached skill level 5 in Fighting
  8525 | D:8      | Reached skill level 5 in Long Blades
  8525 | D:8      | Reached skill level 5 in Axes
  8525 | D:8      | Reached skill level 5 in Maces & Flails
  8525 | D:8      | Reached skill level 5 in Polearms
  8525 | D:8      | Reached skill level 5 in Staves
  8525 | D:8      | Reached skill level 5 in Slings
  8525 | D:8      | Reached skill level 5 in Bows
  8525 | D:8      | Reached skill level 5 in Crossbows
  8525 | D:8      | Reached skill level 5 in Throwing
  8525 | D:8      | Reached skill level 5 in Armour
  8525 | D:8      | Reached skill level 5 in Shields
  8525 | D:8      | Reached skill level 5 in Unarmed Combat
  8525 | D:8      | Reached skill level 5 in Evocations
  8745 | D:8      | Reached * piety under Ashenzari
  9099 | D:8      | Reached skill level 8 in Stealth
  9110 | D:8      | Killed raetorn's ghost
  9525 | D:9      | Found a shadowy altar of Dithmenos.
  9565 | D:9      | Found a white marble altar of Elyvilon.
  9565 | D:9      | Noticed a cyclops
  9586 | D:9      | Killed a cyclops
  9735 | D:9      | Found a runed door.
  9735 | D:9      | Found a shimmering altar of Xom.
  9735 | D:9      | Noticed tidbits's ghost (novice GnTm)
  9736 | D:9      | Noticed a flail of chaos
  9991 | D:9      | Reached XP level 11. HP: 81/81 MP: 17/22
 10778 | D:9      | Killed tidbits's ghost
 10802 | D:10     | Entered Level 10 of the Dungeon
 11077 | D:10     | Reached skill level 5 in Conjurations
 11077 | D:10     | Reached skill level 5 in Charms
 11077 | D:10     | Reached skill level 5 in Summonings
 11077 | D:10     | Reached skill level 5 in Necromancy
 11077 | D:10     | Reached skill level 5 in Translocations
 11077 | D:10     | Reached skill level 5 in Transmutations
 11077 | D:10     | Reached skill level 5 in Fire Magic
 11077 | D:10     | Reached skill level 5 in Ice Magic
 11077 | D:10     | Reached skill level 5 in Air Magic
 11077 | D:10     | Reached skill level 5 in Earth Magic
 11077 | D:10     | Reached skill level 5 in Poison Magic
 11304 | D:10     | Found the +12 Vampire's Tooth {vamp}
 11349 | D:10     | Found a staircase to the Lair.
 11455 | D:10     | Noticed a three-headed hydra
 11656 | D:10     | Reached ** piety under Ashenzari
 11703 | D:10     | Identified the +3 leather armour of the Will of the Gods {rF++ Regen+}
 12039 | Lair:1   | Entered Level 1 of the Lair of Beasts
 12128 | Lair:1   | Noticed Sonja
 12550 | Lair:1   | Killed Sonja
 12738 | Lair:2   | Noticed an oklob plant
 12738 | Lair:2   | Noticed an oklob plant
 12959 | Lair:2   | Found a hole to the Spider Nest.
 12999 | Lair:2   | Reached *** piety under Ashenzari
 13063 | Lair:2   | Reached skill level 9 in Stealth
 13234 | Lair:2   | Noticed a six-headed hydra
 13247 | Lair:2   | Killed a six-headed hydra
 13457 | Spider:1 | Entered Level 1 of the Spider Nest
 13457 | Spider:1 | Noticed a wolf spider
 13465 | Spider:1 | Killed a wolf spider
 13465 | Spider:1 | Reached XP level 12. HP: 89/89 MP: 19/24
 13477 | Spider:1 | Noticed Agnes
 13486 | Spider:1 | Killed Agnes
 13921 | Spider:1 | Noticed Frances
 13932 | Spider:1 | Noticed a soul eater
 13948 | Spider:1 | HP: 1/91 [redback (15)]
 13948 | Spider:1 | Mangled by a redback

Skill      XL: |  1  2  3  4  5  6  7  8  9 10 11 12 |
---------------+-------------------------------------+-----
Spellcasting   | 5 6 7 8 |  8.9
Fighting       | 1 2 3 4 5 6 7 |  7.2
Long Blades    | 1 2 3 4 5 6 7 |  7.2
Axes           | 1 2 3 4 5 6 7 |  7.2
Maces & Flails | 1 2 3 4 5 6 7 |  7.2
Polearms       | 1 2 3 4 5 6 7 |  7.2
Staves         | 1 2 3 4 5 6 7 |  7.2
Slings         | 1 2 3 4 5 6 7 |  7.2
Bows           | 1 2 3 4 5 6 7 |  7.2
Crossbows      | 1 2 3 4 5 6 7 |  7.2
Throwing       | 1 2 3 4 5 6 7 |  7.2
Armour         | 1 2 3 4 5 6 7 |  7.2
Stealth        | 6 7 8 9 |  9.4
Shields        | 1 2 3 4 5 6 7 |  7.2
Unarmed Combat | 1 2 3 4 5 6 7 |  7.2
Invocations    | 1 2 3 4 5 6 7 |  7.9
Evocations     | 1 2 3 4 5 6 7 |  7.2
Conjurations   | 1 2 3 4 5 6 |  6.0
Charms         | 1 2 3 4 5 6 |  6.0
Summonings     | 1 2 3 4 5 6 |  6.0
Necromancy     | 1 2 3 4 5 6 |  6.0
Translocations | 1 2 3 4 5 6 |  6.0
Transmutations | 1 2 3 4 5 6 |  6.0
Fire Magic     | 1 2 3 4 5 6 |  6.0
Ice Magic      | 1 2 3 4 5 6 |  6.0
Air Magic      | 1 2 3 4 5 6 |  6.0
Earth Magic    | 1 2 3 4 5 6 |  6.0
Poison Magic   | 1 2 3 4 5 6 |  6.0
Short Blades   | 3 4 5 6 7 |  7.7
Dodging        | 5 6 7 8 |  8.6
Hexes          | 6 7 8 |  8.2

Action                   |  1- 3 |  4- 6 |  7- 9 | 10-12 || total
-------------------------+-------+-------+-------+-------++-------
Melee: Dagger            |    49 |   103 |   232 |     3 ||   387
       Bite              |     7 |     7 |    24 |    31 ||    69
       Punch             |       |     1 |     2 |       ||     3
       Short sword       |       |       |       |   240 ||   240
       Quick blade       |       |       |       |    77 ||    77
Throw: Throwing net      |       |     1 |       |       ||     1
 Cast: Ensorcelled Hiber |     2 |    34 |    70 |   101 ||   207
       Corona            |     1 |       |       |       ||     1
       Confuse           |       |       |    31 |    40 ||    71
       Tukima's Dance    |       |       |     1 |       ||     1
Invok: Curse Item        |       |       |     4 |     3 ||     7
  Use: Scroll            |       |     3 |     3 |    13 ||    19
       Potion            |       |     1 |       |       ||     1
 Stab: Sleeping          |    13 |    27 |    42 |    69 ||   151
       Confused          |       |       |    16 |    25 ||    41
       Distracted        |       |       |       |     1 ||     1
  Eat: Chunk             |     1 |     6 |    14 |     9 ||    30
       Ration            |       |     1 |       |     4 ||     5
Armor: Robe              |     3 |    15 |     2 |       ||    20
       Leather armour    |       |       |    17 |    21 ||    38
Dodge: Dodged            |    22 |    65 |    76 |    44 ||   207
Block: Shield            |       |       |    57 |   128 ||   185
       Reflection        |       |       |       |     6 ||     6
